Map: Curious Minds LE

Players

RustyShacky

  • Race: Terran Terran
  • League: Gold

A.I. 1 (Very Easy) - Winner!

  • Race: Terran Terran

VOD

Have the link to the VOD?

Description

Time

  • Played on: Feb. 15, 2022, midnight
  • Length: 10:20
Show
View Real Time Build Order
Export as new Build Order

RustyShacky Terran 

Build Orders:  

Get SALT Encoding   

  12  0:00  SCV  
  13  0:12  SCV  
  14  0:17  Supply Depot  
  14  0:24  SCV  
  14  0:28  Refinery  
  15  0:39  SCV  
  16  0:47  Barracks  
  16  0:54  SCV  
  17  1:06  SCV  
  18  1:19  SCV  
  20  1:34  Reaper  
  20  1:37  Orbital Command  
  20  1:46  Command Center  
  20  1:57  Factory  
  20  2:05  SCV  
  21  2:11  Barracks Reactor  
  21  2:16  Supply Depot  
  21  2:17  SCV  
  22  2:24  Refinery  
  22  2:29  SCV  
  23  2:40  Factory Tech Lab  
  23  2:41  SCV  
  24  2:54  SCV  
  24  2:58  Orbital Command  
  25  3:02  Cyclone  
  28  3:06  SCV  
  28  3:10  Marine x2  
  31  3:13  Starport  
  31  3:19  SCV  
  32  3:24  SCV  
  33  3:28  Marine x2  
  33  3:31  SCV  
  36  3:36  SCV  
  36  3:38  Supply Depot  
  36  3:40  Siege Tank  
  40  3:46  SCV, Refinery  
  40  3:47  Marine x2  
  43  3:49  SCV  
  44  3:56  Starport Tech Lab  
  44  4:02  Supply Depot  
  44  4:05  SCV  
  44  4:06  SCV  
  47  4:16  Raven  
  48  4:18  SCV x2  
  50  4:26  Supply Depot  
  50  4:30  SCV x2  
  52  4:33  Siege Tank  
  52  4:38  Command Center  
  55  4:43  SCV x2, Marine  
  55  4:44  Marine  
  59  4:53  Supply Depot  
  59  4:55  SCV x2  
  59  4:59  Raven  
  61  5:05  Refinery  
  63  5:07  SCV x2  
  63  5:13  Siege Tank  
  68  5:14  Marine x2  
  68  5:15  Barracks  
  68  5:17  Barracks  
  68  5:19  SCV  
  71  5:31  Engineering Bay  
  71  5:33  Engineering Bay  
  72  5:35  SCV x2  
  72  5:39  Marine x2  
  75  5:46  Supply Depot  
  75  5:47  SCV  
  75  5:48  SCV  
  77  5:50  Supply Depot  
  80  5:58  Terran Infantry Weapons Level 1  
  80  5:59  Terran Infantry Armor Level 1  
  80  6:00  SCV x2  
  79  6:07  Factory Tech Lab  
  79  6:09  Barracks  
  79  6:10  Factory  
  79  6:11  Combat Shield  
  79  6:13  Barracks  
  79  6:14  Stimpack  
  79  6:22  Orbital Command  
  79  6:23  SCV x2  
  81  6:30  Siege Tank  
  81  6:31  Starport Reactor  
  84  6:35  SCV x2  
  84  6:39  Marine x4  
  90  6:45  Armory  
  90  6:47  SCV x2  
  90  6:50  SCV  
  93  6:57  Marine x4, Factory Tech Lab  
  93  6:58  Barracks Reactor  
  93  6:59  SCV x2  
  93  7:00  Barracks Reactor  
  99  7:03  SCV, Siege Tank  
  103  7:12  SCV x2  
  103  7:13  Refinery  
  103  7:14  Refinery  
  103  7:15  SCV, Viking  
  108  7:22  Supply Depot  
  108  7:24  SCV  
  108  7:25  SCV, Supply Depot, Viking  
  108  7:29  Siege Tank  
  115  7:43  Siege Tank  
  115  7:44  SCV x3  
  121  7:45  Supply Depot  
  121  7:48  Supply Depot  
  121  7:52  Supply Depot  
  121  7:55  Terran Infantry Weapons Level 2  
  121  8:00  Terran Vehicle Weapons Level 1  
  121  8:02  Marine x8  
  129  8:14  Siege Tank  
  129  8:16  Supply Depot x2, Command Center  
  132  8:20  Marine x3  
  132  8:23  Siege Tank  
  138  8:32  Sensor Tower  
  138  8:35  Missile Turret, Viking  
  138  8:39  Marine x8, Viking  
  150  8:44  Supply Depot  
  150  8:57  Marine x3  
  150  9:01  Armory  
  150  9:02  Supply Depot  
  153  9:05  Siege Tank x2  
  153  9:06  Marine x5  
  164  9:12  Supply Depot  
  164  9:15  Marine x3  
  167  9:21  Viking x2  
  171  9:37  Siege Tank x2  
  177  9:40  SCV x3  
  180  9:52  Marine x8, SCV  
  189  9:57  Missile Turret  
  193  10:01  Sensor Tower  
  193  10:09  Command Center  
  193  10:13  Starport  
  200  10:19  Refinery  
Show
View Real Time Build Order
Export as new Build Order

A.I. 1 (Very Easy) Terran - Winner!

Build Orders:  

Get SALT Encoding   

  12  0:00  SCV  
  13  0:13  SCV  
  14  0:18  Supply Depot  
  14  0:37  Refinery  
  14  0:42  Barracks  
  14  1:03  Supply Depot  
  14  1:11  Refinery  
  14  1:29  SCV, Marine  
  16  1:41  SCV  
  17  1:53  SCV  
  18  2:01  Marine  
  18  2:05  SCV  
  20  2:17  SCV  
  21  2:29  SCV  
  22  2:34  Marine  
  23  2:42  Orbital Command  
  23  5:46  Marine, SCV  
  23  5:48  Supply Depot  
  25  5:51  Factory  
  25  6:10  SCV  
  26  6:13  Supply Depot  
  26  6:17  Barracks Tech Lab  
  26  6:22  SCV  
  24  6:34  SCV  
  24  6:36  Marauder, Starport  
  27  6:44  Command Center  
  27  6:46  SCV  
  28  7:07  Marine  
  29  7:14  Starport Tech Lab  
  29  7:33  Raven  
  31  7:38  Marine  
  32  7:57  SCV  
  33  8:00  Refinery  
  33  8:05  SCV  
  34  8:06  Refinery  
  34  8:10  Marine  
  34  8:12  SCV  
  36  8:16  Raven  
  36  8:19  SCV  
  39  8:26  SCV  
  40  8:33  SCV  
  41  8:41  SCV  
  42  8:48  SCV  
  43  8:55  SCV  
  44  9:02  SCV  
  45  9:09  SCV  
  46  9:17  SCV  
  47  9:24  SCV  
  48  9:31  SCV  
  49  9:38  SCV  
Tags
 
League
Gold
Matchup
TvT
Race
Terran
Add a new tag
Caveats
  • Supply blocks, unpowered buildings, or Contaminate may cause inaccurate times.
  • Supply counts are checked every 10 seconds.